 Dungeon Crawl Stone Soup version 0.14-a0-3563-g07d0f32 (webtiles) character file.

5404 4tharraofdagon the Grappler (level 10, 0/100 HPs)
             Began as a Troll Earth Elementalist on Mar 29, 2014.
             Was a Priest of Cheibriados.
             Slain by a manticore (13 damage)
             ... on Level 11 of the Dungeon.
             The game lasted 00:22:55 (4108 turns).

4tharraofdagon the Grappler (TrEE)                  Turns: 4108, Time: 00:22:55

HP   0/100       AC  9     Str 28      XL: 10   Next: 33%
MP  11/11        EV 10     Int 18      God: Cheibriados [***...]
Gold 248         SH  0     Dex 17      Spells:  3 memorised,  4 levels left

rFire  . . .     SeeInvis .       - Unarmed
rCold  . . .     Clarity  .     u - +0 robe
rNeg   . . .     Conserve .     (shield restricted)
rPois  .         rCorr    .     (helmet restricted)
rElec  .         rRot     .     (no cloak)
SustAb . .       Spirit   .     (gloves unavailable)
rMut   .         Warding  .     (boots unavailable)
Gourm  +         Stasis   .     (no amulet)
MR     +....                    g - +4 ring of protection
                                G - ring of protection from magic

@: drained, very slow, somewhat resistant to hostile enchantments, unstealthy
A: unfitting armour, claws 3, fast metabolism 3, gourmand, regeneration 2,
saprovore 2, shaggy fur 1, tough skin 2
a: Bend Time, Temporal Distortion, Renounce Religion


You were on level 11 of the Dungeon.
You worshipped Cheibriados.
Cheibriados was most pleased with you.
You were very full.

You visited 2 branches of the dungeon, and saw 12 of its levels.

You collected 248 gold pieces.

Inventory:

Missiles
 b - 19 stones
 n - 10 large rocks (quivered)
 o - 3 javelins of returning
 A - a throwing net
Armour
 c - a +0 robe
 u - a +0 robe (worn)
Magical devices
 q - a wand of digging (6)
 y - a wand of flame (1)
 I - a wand of enslavement (12)
 J - a wand of digging (9)
 L - a wand of cold (6)
Comestibles
 a - 6 meat rations
 k - 2 chokos
 p - 2 bread rations
 v - a sausage
Scrolls
 e - 3 scrolls of noise
 f - a scroll of blinking
 h - a scroll of identify
 i - 2 scrolls of remove curse
 m - a scroll of enchant weapon I {unknown}
 s - 2 scrolls of random uselessness {unknown}
 B - 2 scrolls of fog {unknown}
 E - 2 scrolls of enchant weapon II {unknown}
 F - a scroll of magic mapping {unknown}
 K - a scroll of enchant armour {unknown}
 N - a scroll of torment
Jewellery
 g - a +4 ring of protection (right claw)
 C - a cursed ring of flight
 G - a ring of protection from magic (left claw)
Potions
 j - a potion of agility {unknown}
 t - 3 potions of curing
 w - a potion of porridge
 x - a potion of brilliance
 D - a potion of resistance
 Q - a potion of restore abilities
Books
 d - a book of Flames

   Spells                             Type                      Level
   Flame Tongue                       Conjuration/Fire             1
   Throw Flame                        Conjuration/Fire             2
   Conjure Flame                      Conjuration/Fire             3
   Inner Flame                        Hexes/Fire                   3
   *Sticky Flame                      Conjuration/Fire             4
   Fireball                           Conjuration/Fire             5


   Skills:
 + Level 6.7(6.4) Fighting
 - Level 1.5(1.3) Dodging
 - Level 1.1(0.9) Stealth
 * Level 11.7(11.4) Unarmed Combat
 - Level 1.2(1.0) Spellcasting
 - Level 0.6(0.4) Transmutations
 - Level 2.6(2.4) Earth Magic
 + Level 4.4(4.1) Invocations


You had 4 spell levels left.
You knew the following spells:

 Your Spells              Type           Power        Failure   Level  Hunger
a - Sandblast             Erth           #.....       10%         1    ##.....
b - Stoneskin             Trmt/Erth      #.........   17%         2    ###....
c - Sticky Flame          Conj/Fire      #.......     99%         4    #####..


Dungeon Overview and Level Annotations

Branches:
Dungeon (11/15)            Temple (1/1) D:4            Lair (0/8) D:10
    Orc: D:9-12

Altars:
Ashenzari
Cheibriados
Dithmenos
Elyvilon
Kikubaaqudgha
Makhleb
Nemelex Xobeh
Okawaru
Vehumet
Xom
Zin


Innate Abilities, Weirdness & Mutations

You are too large for most types of armour.
You have claws for hands.
Your metabolism is lightning-fast.
You like to eat raw meat.
You heal very quickly.
You can eat rotten meat.
You are covered in fur (AC +1).
You have very tough skin (AC +2).


Message History

A manticore comes into view.
The manticore flicks its tail!
The volley of spikes skewers you!
The barbed spikes become lodged in your body.
The barbed spikes dig painfully into your body as you move.
The manticore bites you. The manticore claws you. The manticore claws you.
The barbed spikes dig painfully into your body as you move.
The manticore bites you! The manticore barely misses you.
The manticore barely misses you. The manticore bites you!
The manticore claws you. The manticore barely misses you.
You open the door. The manticore bites you!
* * * LOW HITPOINT WARNING * * *
The manticore closely misses you.
The manticore claws you but does no damage.
Unknown command.
You are too injured to fight recklessly!
You are too injured to fight recklessly!
You hit the manticore but do no damage. The manticore bites you.
* * * LOW HITPOINT WARNING * * *
The manticore claws you!
You die...

#### ######..#
#@......#######
#.....'.H###.........
##+#####.# #.#######.
##.###.#######
#..............
#..###.########+#
+..# #.####......#
#.## #....+......# .
#.####......#


You could see a manticore.

Vanquished Creatures
  Pikel (D:4)
  A cyclops (D:10)
  Grinder (D:6)
  A troll (D:10)
  Prince Ribbit (D:6)
  A wyvern (D:10)
  A shadow (D:10)
  A hill giant zombie (D:9)
  A hippogriff (D:7)
  Edmund (D:4)
  A water moccasin (D:10)
  2 necrophages
  An ice beast (D:5)
  A sky beast (D:7)
  2 slaves
  4 ogres
  2 centaurs
  A phantom (D:4)
  A crocodile (D:8)
  Duvessa (D:6)
  5 giant frogs
  3 killer bees (D:10)
  3 wights (D:11)
  Dowan (D:6)
  4 orc priests
  2 goliath beetles
  5 hounds
  2 centaur skeletons (D:6)
  2 jellies
  12 orc wizards
  5 worker ants
  2 sheep (D:11)
  Ijyb (D:2)
  A mummy (D:8)
  5 adders
  A scorpion zombie (D:8)
  3 gnolls (D:4)
  A shadow imp (D:11)
  4 worms
  2 adder skeletons
  A giant eyeball (D:6)
  3 giant geckos
  An ooze (D:3)
  17 orcs
  2 ball pythons
  4 giant cockroaches
  8 goblins
  7 hobgoblins
  2 jackals (D:1)
  7 kobolds
  13 bats
  2 giant gecko skeletons
  A giant spore (D:9)
  3 kobold zombies (D:6)
  An orc skeleton (D:7)
  4 quokkas
  14 rats
  2 ballistomycetes (D:9)
182 creatures vanquished.

Vanquished Creatures (others)
  An orc wizard (D:9)
1 creature vanquished.

Grand Total: 183 creatures vanquished

Notes
Turn   | Place    | Note
--------------------------------------------------------------
     0 | D:1      | 4tharraofdagon, the Troll Earth Elementalist, began the quest for the Orb.
     0 | D:1      | Reached XP level 1. HP: 16/16 MP: 2/2
   101 | D:1      | Reached skill level 1 in Unarmed Combat
   108 | D:1      | Reached XP level 2. HP: 21/26 MP: 2/2
   363 | D:3      | Reached skill level 1 in Fighting
   363 | D:3      | Reached XP level 3. HP: 28/33 MP: 3/3
   392 | D:4      | Noticed Pikel
   392 | D:4      | Noticed a slave
   392 | D:4      | Noticed a slave
   392 | D:4      | Noticed a slave
   392 | D:4      | Noticed a slave
   429 | D:3      | Killed a slave
   500 | D:2      | Noticed Ijyb
   516 | D:2      | Killed Ijyb
   652 | D:2      | Learned a level 2 spell: Stoneskin
   661 | D:2      | Reached skill level 3 in Unarmed Combat
   726 | D:3      | Reached XP level 4. HP: 21/41 MP: 4/4
   758 | D:4      | Noticed Edmund
   929 | D:4      | Reached XP level 5. HP: 49/49 MP: 4/4
   935 | D:4      | Reached skill level 4 in Unarmed Combat
   991 | D:4      | Noticed a phantom
  1020 | D:4      | Killed a phantom
  1053 | D:5      | Entered Level 5 of the Dungeon
  1087 | D:5      | Noticed an ice beast
  1101 | D:5      | Killed an ice beast
  1101 | D:5      | Reached skill level 5 in Unarmed Combat
  1101 | D:5      | Reached XP level 6. HP: 48/59 MP: 5/5
  1211 | D:6      | Noticed Grinder
  1218 | D:6      | geessus
  1248 | D:6      | Killed Grinder
  1248 | D:6      | Reached skill level 6 in Unarmed Combat
  1248 | D:6      | Reached XP level 7. HP: 63/67 MP: 5/5
  1277 | D:6      | Paralysed by a giant eyeball for 4 turns
  1320 | D:6      | Found a radiant altar of Vehumet.
  1320 | D:6      | Found a shattered altar of Ashenzari.
  1321 | D:6      | FU
  1416 | D:6      | Noticed Prince Ribbit
  1512 | D:7      | Found a sparkling altar of Nemelex Xobeh.
  1514 | D:7      | FU
  1653 | D:7      | Reached skill level 7 in Unarmed Combat
  1699 | D:7      | Reached XP level 8. HP: 56/78 MP: 6/6
  1973 | D:6      | Noticed Duvessa
  1974 | D:6      | Noticed Dowan
  2062 | D:7      | NO TEMPLE
  2063 | D:7      | WTF
  2079 | D:6      | Killed Duvessa
  2079 | D:6      | Reached skill level 8 in Unarmed Combat
  2088 | D:6      | Killed Dowan
  2219 | D:6      | Killed Prince Ribbit
  2421 | D:4      | Found a staircase to the Ecumenical Temple.
  2439 | Temple   | Entered the Ecumenical Temple
  2451 | Temple   | Became a worshipper of Cheibriados the Contemplative
  2521 | D:4      | Killed a slave
  2529 | D:4      | Killed Pikel
  2529 | D:4      | Reached skill level 5 in Fighting
  2529 | D:4      | Reached skill level 9 in Unarmed Combat
  2675 | D:4      | Killed Edmund
  2675 | D:4      | Reached XP level 9. HP: 81/88 MP: 7/7
  2731 | D:5      | Noticed an ogre
  2736 | D:5      | Killed an ogre
  2736 | D:5      | Reached skill level 1 in Invocations
  2916 | D:8      | Reached skill level 10 in Unarmed Combat
  3413 | D:9      | Found a glowing silver altar of Zin.
  3519 | D:10     | Entered Level 10 of the Dungeon
  3548 | D:10     | Found a staircase to the Lair.
  3594 | D:10     | Reached skill level 11 in Unarmed Combat
  3686 | D:10     | Reached XP level 10. HP: 90/100 MP: 10/10
  3814 | D:11     | Noticed a cyclops
  3826 | D:10     | Killed a cyclops
  3834 | D:11     | Acquired Cheibriados' first power
  3972 | D:11     | Learned a level 4 spell: Sticky Flame
  3997 | D:11     | Noticed a five-headed hydra
  4104 | D:11     | Noticed a manticore
  4108 | D:11     | Slain by a manticore

Action                   |  1- 3 |  4- 6 |  7- 9 | 10-12 || total
-------------------------+-------+-------+-------+-------++-------
Melee: Unarmed           |   120 |    87 |   306 |    57 ||   570
Throw: Large rock        |     4 |    11 |    17 |    10 ||    42
       Stone             |       |       |     1 |       ||     1
Evoke: Wand              |     7 |     6 |     8 |       ||    21
  Use: Potion            |     4 |     1 |       |       ||     5
       Scroll            |       |     4 |     4 |     2 ||    10
 Stab: Sleeping          |     1 |     1 |       |     1 ||     3
